cohdb
Replays
Latest Replays
All Replays
Popular Replays
Top Player Replays
Match Explorer
How It Works
Community
CoH3 Stats
Reddit
Sign in to upload your games and track your stats! →
Sign in with Steam
Match 37629246
Unlisted
Match 37629246
Overview
Messages
Build Orders
End
Kettenkrad Recon Vehicle
Construct Infanterie Kompanie
Selects Mechanized Battlegroup
MG 42 Machine Gun Team
MG 42 Machine Gun Team
GrW 34 Mortar Team
Construct Luftwaffe Kompanie
Medical Station
Jäger Squad
Jäger Squad
Jäger Squad
Support Elements
Wirbelwind Flakpanzer
Marder III M Tank Destroyer
Selects Spotting Scopes
Selects Wespe Self-propelled Artillery
Atomic Floyd
Microsoft Outlook
deadsadbadmad
Guardians_folly
Cloud
Mystery
0
0
Comments
sign in to comment!
No comments posted yet!